 Dungeon Crawl Stone Soup version 0.30-a0-368-g86fb4627a9 (webtiles) character file.

Game seed: 13575495570568210261

10984 kae the Transmogrifier (level 11, 0/92 HPs)
             Began as a Purple Draconian Transmuter on Nov 18, 2022.
             Was a Believer of Ru.
             Slain by an eight-headed hydra (3 damage)
             ... on level 11 of the Dungeon.
             The game lasted 00:10:39 (10842 turns).

kae the Transmogrifier (DrTm)                      Turns: 10842, Time: 00:10:39

Health: 0/92       AC:  9    Str: 12    XL:     11   Next: 43%
Magic:  24/24      EV: 10    Int: 18    God:    Ru [**....]
Gold:   1486       SH:  0    Dex: 12    Spells: 16/28 levels left

rFire   x . .      SeeInvis .      - Unarmed
rCold   + + +      Faith    .    (shield currently unavailable)
rNeg    . . .      Spirit   .    (body armour unavailable)
rPois   +          Reflect  .    (helmet currently unavailable)
rElec   .          Harm     .    (cloak currently unavailable)
rCorr   .          Rampage  .    (gloves currently unavailable)
Will    +....                    (boots currently unavailable)
Stlth   ..........               C - amulet of magic regeneration
HPRegen 0.35/turn                Y - +4 ring of slaying
MPRegen 0.59/turn                (no ring)

@: ice-form, wereblooded, slowed, very slow
A: freezing attack, amphibious, boosted hp, (breathe power), AC +7, large,
unfitting armour, (cold-blooded), no stealth, hated by all
a: End Transformation, Renounce Religion


You were on level 11 of the Dungeon.
You worshipped Ru.
Ru was pleased with you.
You were a creature of crystalline ice.
You visited 2 branches of the dungeon, and saw 12 of its levels.
You also visited: Sewer and Ossuary.

You collected 1701 gold pieces.
You spent 215 gold pieces at shops.


Innate Abilities, Weirdness & Mutations

You are a creature of crystalline ice.
You have a powerful freezing melee attack.
You are amphibious.
Your maximum health is increased.
Your armour is entirely melded.
You are incapable of wielding weapons or throwing items.
((You can breathe bolts of dispelling energy.))
((Your rich purple scales are hard. (AC +7)))
You cannot fit into any form of body armour.
((You are cold-blooded and may be slowed by cold attacks.))
You cannot be stealthy.
You are hated by all.


   Skills:
 - Level 1.1 Fighting
 - Level 1.7 Dodging
 + Level 8.9 Unarmed Combat
 + Level 9.4 Spellcasting
 - Level 2.0 Translocations
 * Level 12.0 Transmutations
 + Level 6.9 Ice Magic
 - Level 1.0 Poison Magic


You had 16 spell levels left.
You knew the following spells:

 Your Spells              Type           Power      Damage    Failure   Level
a - Beastly Appendage     Tmut           100%       N/A       1%          1
b - Wereblood             Tmut           51%        N/A       1%          2
c - Spider Form           Tmut/Pois      32%        N/A       1%          3
d - Ice Form              Ice/Tmut       42%        N/A       1%          4
e - Blink                 Tloc           30%        N/A       5%          2

Your spell library contained the following spells:

 Spells                   Type           Power      Damage    Failure   Level
 Sting                    Tmut/Pois      100%       1d8       1%          1
 Apportation              Tloc           30%        N/A       3%          1
 Magic Dart               Conj           32%        1d4       9%          1
 Momentum Strike          Conj/Tloc      24%        3d8       9%          2
 Poisonous Vapours        Pois/Air       20%        N/A       11%         2
 Lesser Beckoning         Tloc           30%        N/A       11%         3
 Alistair's Intoxication  Tmut/Pois      21%        N/A       16%         5
 Mephitic Cloud           Conj/Pois/Air  9%         N/A       22%         3
 Olgreb's Toxic Radiance  Pois           12%        N/A       50%         4
 Call Imp                 Summ           Unusable   N/A       N/A         2
 Summon Ice Beast         Ice/Summ       Unusable   N/A       N/A         4
 Summon Mana Viper        Hex/Summ       Unusable   N/A       N/A         5
 Monstrous Menagerie      Summ           Unusable   N/A       N/A         7

Inventory:

Hand Weapons
 d - the +7 Throatcutter (melded) {drain, coup de grace}
   (You took it off Terence on level 2 of the Dungeon)

   A truly terrible weapon, it drains the life of any living foe it strikes.
   It may instantly kill foes which have little health.
 v - a +0 great sword
   (You bought it in a shop on level 4 of the Dungeon)
Missiles
 b - 75 stones
 e - 45 poisoned darts
 r - 2 boomerangs of dispersal {=f!f}
 w - 3 silver javelins
 A - 2 throwing nets {=f!f}
 K - 2 boomerangs
Magical Staves
 D - a staff of cold {!a}
   (You found it on level 9 of the Dungeon)
Jewellery
 C - an amulet of magic regeneration (around neck)
   (You found it on level 6 of the Dungeon)
 F - a ring of fire
   (You found it on level 9 of the Dungeon)
 J - the Hermit's Pendant {Faith Invo=14 Evo=0 MP+5}
   (You found it on level 10 of the Dungeon)

   [amulet of faith]

   It sets your invocations skill to 14 and your evocations skill to 0.
   It allows you to gain divine favour quickly.
   MP:        It affects your magic capacity (+5).
 Y - a +4 ring of slaying (left front paw)
   (You found it on level 8 of the Dungeon)
Wands
 c - a wand of roots (15)
   (You found it on level 4 of the Dungeon)
 i - a wand of charming (13)
   (You took it off Ijyb on level 3 of the Dungeon)
 B - a wand of digging (2)
   (You found it on level 6 of the Dungeon)
Scrolls
 g - 4 scrolls of amnesia
 l - 2 scrolls of enchant weapon
 m - a scroll of fear
 s - 3 scrolls of vulnerability {!r!r}
 t - 2 scrolls of teleportation {@r4}
 u - 5 scrolls of immolation {!r!r}
 y - a scroll of magic mapping {!r}
 H - a scroll of torment {!r}
Potions
 a - a potion of cancellation
 f - 2 potions of mutation {unknown}
 h - 6 potions of attraction {!q}
 j - 2 potions of resistance {unknown}
 k - 5 potions of berserk rage {unknown}
 n - 4 potions of brilliance
 o - 2 potions of haste {@q3}
 p - 3 potions of curing {@q1}
 q - 3 potions of lignification {!q}
 x - 2 potions of might {unknown}
 z - a potion of ambrosia
 E - 5 potions of flight

Dungeon Overview and Level Annotations

Branches:
Dungeon (11/15) Zot: 26625  Temple (1/1) D:4 Zot: 5957     Orc (0/2) D:9
  Sewer (visited)         Ossuary (visited)
   Lair: D:8-11

Altars:
Ashenzari
Cheibriados
Dithmenos
Elyvilon
Gozag
Kikubaaqudgha
Makhleb
Nemelex Xobeh
Okawaru
Qazlal
Ru
Sif Muna
Trog
Uskayaw
Vehumet
Wu Jian
Xom
Zin
The Shining One

Shops:
D:4 *

Annotations:
Temple 2 transporters

.# ## .#.( .#O ###....
gc ###...... #.
###....... #D#######
#.....^..
#Oc.K..###......#######
#######D#.....[.#......
#....Y##.......'......
#.#####....>...#......
##..###........#......
###.#........[#......
#.##.........#......
#.#..........#......
#.#..........#......
#....#...........#......
#....#...........#......


You could see an eight-headed hydra (slow, corona).


Message History

The curare-tipped dart hits you.
You have difficulty breathing.
You feel as though you will be slow longer. 😮 HP[-12]
You take 12 damage, and now have 65/92 hp.
The kobold brigand throws a curare-tipped dart.
The curare-tipped dart hits you. 😮 HP[+1]
An eight-headed hydra comes into view. 😮 HP[+1]
Okay, then.
Okay, then.
Okay, then.
Casting: Ice Form (mildly dangerous; 1% risk of failure)
Confirm with . or Enter, or press ? or * to list all spells.
Your blood is infused with primal strength.
You redirect the kobold brigand's attack!
The kobold brigand closely misses itself.
The kobold brigand is stunned by your conviction and fails to attack. 😮 HP[+1] MP[-1]
You lost 1 mp, and now have 23/24 mp.
You punch the kobold brigand! You freeze the kobold brigand.
The kobold brigand hits you with a +0 club. 😮 HP[-1] MP[+1]
You take 1 damage, and now have 67/92 hp.
Your mp is fully restored (24).
You pummel the kobold brigand!! You freeze the kobold brigand.
You feel a bit better.
You kill the kobold brigand!
The centaur warrior hits you!
The centaur warrior kicks you but does no damage. 😮 HP[-5]
You take 5 damage, and now have 62/92 hp.
You pummel the centaur warrior!! You freeze the centaur warrior!
The centaur warrior hits you.
The centaur warrior kicks you but does no damage. 😮 HP[-4]
You take 4 damage, and now have 58/92 hp.
You punch the centaur warrior! You freeze the centaur warrior.
The centaur warrior barely misses you. The centaur warrior kicks you.
The centaur warrior hits you but does no damage.
The centaur warrior kicks you. 😮 HP[-2]
You take 2 damage, and now have 56/92 hp.
You barely miss the centaur warrior. The centaur warrior hits you.
The centaur warrior kicks you but does no damage.
You redirect the centaur warrior's attack!
The centaur warrior hits itself.
The centaur warrior barely misses itself. 😮 HP[-5]
You take 5 damage, and now have 51/92 hp.
Unknown command.
You catch the helpless centaur warrior completely off-guard!
You pummel the centaur warrior!! You freeze the centaur warrior.
You feel a bit better.
You kill the centaur warrior! 😮 HP[+2]
You regained 2 hp, and now have 53/92 hp.
You punch the ogre mage! You freeze the ogre mage.
The ogre mage hits you with a +0 club.
You pummel the ogre mage!! You freeze the ogre mage.
The ogre mage begins to cast a spell, but is stunned by your conviction!
You punch the ogre mage! You freeze the ogre mage.
You feel a bit better.
You kill the ogre mage!
Your Transmutations skill increases to level 12! 😮 HP[+2]
You regained 2 hp, and now have 55/92 hp.
You punch the eight-headed hydra!
The eight-headed hydra seems to slow down.
You freeze the eight-headed hydra.
You howl as the wereblood boils in your veins!
You hear a shout!
The eight-headed hydra is no longer moving slowly.
The eight-headed hydra bites you but does no damage.
The eight-headed hydra closely misses you.
The eight-headed hydra bites you!
* * * LOW HITPOINT WARNING * * *
The eight-headed hydra bites you!
* * * LOW HITPOINT WARNING * * *
The eight-headed hydra closely misses you.
The eight-headed hydra bites you!
* * * LOW HITPOINT WARNING * * *
You focus your inner power and illuminate the eight-headed hydra in retribution!
The eight-headed hydra closely misses you.
The eight-headed hydra bites you!
* * * LOW HITPOINT WARNING * * *
😱 HP[-37]
You take 37 damage, and now have 18/92 hp.
MASSIVE DAMAGE!! (PAUSE) Unknown command.
You pummel the eight-headed hydra!!
The eight-headed hydra seems to slow down.
You freeze the eight-headed hydra.
The eight-headed hydra closely misses you.
The eight-headed hydra bites you.
* * * LOW HITPOINT WARNING * * *
The eight-headed hydra closely misses you.
The eight-headed hydra bites you!
* * * LOW HITPOINT WARNING * * *
The eight-headed hydra bites you.
You die...

Skill      XL: |  1  2  3  4  5  6  7  8  9 10 11 |
---------------+----------------------------------+-----
Transmutations | 3 4 5 6 8 9 11 12 | 12.0
Poison Magic   | 1 |  1.0
Spellcasting   | 3 4 5 6 7 8 9 |  9.4
Unarmed Combat | 4 5 6 7 8 |  8.9
Translocations | 1 2 |  2.0
Ice Magic      | 2 4 6 |  6.9
Fighting       | |  1.1
Dodging        | |  1.7

Action                   |  1- 3 |  4- 6 |  7- 9 | 10-12 || total
-------------------------+-------+-------+-------+-------++-------
Melee: Unarmed           |    93 |       |   185 |   224 ||   502
       Kick              |     9 |     1 |    16 |       ||    26
       Tailslap          |     6 |     4 |    18 |       ||    28
       Headbutt          |     2 |       |    10 |       ||    12
       Punch             |     1 |       |     2 |       ||     3
       Long sword        |     2 |    73 |   166 |     2 ||   243
 Cast: Beastly Appendage |     7 |     1 |    10 |       ||    18
       Ice Form          |       |       |    22 |    18 ||    40
       Wereblood         |       |       |     5 |    10 ||    15
Invok: Sacrifice Love    |       |       |     1 |       ||     1
       Sacrifice Stealth |       |       |       |     1 ||     1
 Abil: Breathe Dispellin |       |       |     1 |       ||     1
Evoke: Wand              |       |       |       |     1 ||     1
  Use: Scroll            |     4 |     7 |     8 |     7 ||    26
       Potion            |     1 |       |       |     1 ||     2
 Stab: Sleeping          |       |     1 |       |       ||     1
       Distracted        |       |       |       |     1 ||     1
Armor: Skin              |    30 |    33 |   132 |    87 ||   282
Dodge: Dodged            |    57 |    65 |   215 |   118 ||   455

Levels and vault maps discovered:
D:1:      minmay_arrival_five_plusses, layout_rooms,
          hellmonk_ecumenical_altar_dog_temple, serial_bayou_pond_d
D:2:      layout_loops_ring, minmay_misc_feat_tower, uniq_terence
D:3:      layout_loops_corners, nicolae_hepliaklqana_monster_ancestors,
          mainiacjoe_overflow_divided_tiny, gup_sewer_entry_bowl, uniq_grinder,
          uniq_ijyb
D:4:      layout_basic, kennysheep_mini, grunt_dithmenos_smoke_and_mirrors,
          minmay_temple_entry_junction, serial_shops, nicolae_shop_behind_doors,
          enter_ossuary_3, minmay_mini_ossuary
D:5:      layout_basic, uniq_edmund, uniq_sigmund, uniq_blork_the_orc
D:6:      layout_gridville, serial_shops, nicolae_square_shop
D:7:      layout_loops_cross, general_overflow_altar, minmay_misc_feat_tiny
D:8:      layout_gridville, mainiacjoe_overflow_catwalk, uniq_psyche
D:9:      layout_loops_ring, orc_0_dummy
D:10:     layout_basic
D:11:     minmay_the_grid_four_pointed_star_mashed
          [minmay_the_grid_triangle_9x9_windchime,
          minmay_the_grid_triangle_9x9_subtriangle,
          minmay_the_grid_triangle_9x9_checkered,
          minmay_the_grid_triangle_9x9_impossible_snake,
          minmay_the_grid_prize_big_room], layout_irregular_city,
          lair_entry_dummy, uniq_urug, uniq_grum
Temple:   hellmonk_temple_divided_pantheon

Notes
Turn   | Place    | Note
-------+----------+-------------------------------------------
     0 | D:1      | kae the Draconian Transmuter began the quest for the Orb.
     0 | D:1      | Reached XP level 1. HP: 16/16 MP: 3/3
     0 | D:1      | magus.rc [v1.11.3]
   100 | D:1      | Found a faded altar of an unknown god.
   113 | D:1      | Reached XP level 2. HP: 23/23 MP: 3/5
   597 | D:2      | Reached XP level 3. HP: 28/28 MP: 4/6
   600 | D:2      | Learned a level 2 spell: Wereblood
   604 | D:2      | Learned a level 3 spell: Spider Form
   619 | D:2      | Noticed Terence
   632 | D:2      | HP: 7/34 [Terence/the +7 Throatcutter {drain, coup de
                  | grace} (10)]
   633 | D:2      | Killed Terence
   634 | D:2      | Reached skill level 3 in Transmutations
   825 | D:2      | Reached skill level 1 in Poison Magic
   825 | D:2      | Reached XP level 4. HP: 31/32 MP: 7/7
  1088 | D:2      | You pick up a book of Spatial Translocations and begin
                  | reading...
  1088 | D:2      | You add the spells Blink, Momentum Strike and Lesser
                  | Beckoning to your library.
  1518 | D:3      | Found a glowing drain.
  1522 | Sewer    | Entered a sewer
  1602 | Sewer    | Noticed Pargi
  1606 | Sewer    | Killed Pargi
  1607 | Sewer    | Reached skill level 3 in Spellcasting
  1607 | Sewer    | Reached skill level 4 in Transmutations
  1607 | Sewer    | Reached XP level 5. HP: 33/40 MP: 6/9
  1829 | D:3      | Noticed Grinder
  1839 | D:3      | Paralysed by Grinder for 3 turns
  1844 | D:3      | Killed Grinder
  1845 | D:3      | Reached skill level 4 in Unarmed Combat
  1845 | D:3      | Reached skill level 5 in Transmutations
  1845 | D:3      | Reached XP level 6. HP: 19/47 MP: 9/11
  1918 | D:3      | Found a sparkling altar of Nemelex Xobeh.
  1919 | D:3      | Found a glowing silver altar of Zin.
  2134 | D:3      | Found a hazy altar of Hepliaklqana.
  2271 | D:3      | Noticed Ijyb
  2282 | D:3      | Killed Ijyb
  2680 | D:4      | Found a sand-covered staircase.
  2699 | Ossuary  | Entered an ossuary
  2728 | Ossuary  | Your scales start taking on a rich purple colour.
  2728 | Ossuary  | Reached skill level 4 in Spellcasting
  2728 | Ossuary  | Reached XP level 7. HP: 52/52 MP: 13/13
  2898 | Ossuary  | Reached skill level 5 in Unarmed Combat
  2898 | Ossuary  | Reached skill level 6 in Transmutations
  2947 | Ossuary  | Reached skill level 5 in Spellcasting
  3138 | D:4      | Found a staircase to the Ecumenical Temple.
  3172 | Temple   | Entered the Ecumenical Temple
  3172 | Temple   | Found a transporter.
  3172 | Temple   | Found a transporter.
  3174 | Temple   | Found a transporter.
  3174 | Temple   | Found a transporter.
  3195 | Temple   | Became a worshipper of Ru the Awakened
  3274 | D:4      | Found a shadowy altar of Dithmenos.
  3283 | D:4      | Learned a level 4 spell: Ice Form
  3286 | D:4      | Learned a level 2 spell: Blink
  3347 | D:4      | Identified the +7 chain mail of Iriluxti {rElec rC++ Str-4
                  | Slay+4 SInv}
  3498 | D:4      | Reached skill level 1 in Translocations
  3517 | D:4      | Found a snail-covered altar of Cheibriados.
  3664 | D:4      | Reached XP level 8. HP: 54/59 MP: 16/16
  3713 | D:4      | Found Niusiaso's Assorted Antiques.
  3714 | D:4      | You pick up a book of Minor Magic and begin reading...
  3714 | D:4      | You add the spells Magic Dart, Call Imp and Mephitic Cloud
                  | to your library.
  4009 | D:4      | Reached skill level 1 in Ice Magic
  4017 | D:4      | Bought a golden potion for 20 gold pieces
  4017 | D:4      | Bought a great sword for 149 gold pieces
  4017 | D:4      | Bought a scroll of identify for 46 gold pieces
  4034 | D:5      | Entered Level 5 of the Dungeon
  4413 | D:5      | Noticed Edmund
  4420 | D:5      | Killed Edmund
  4421 | D:5      | Reached skill level 2 in Translocations
  4421 | D:5      | Reached skill level 7 in Transmutations
  4457 | D:5      | Noticed Sigmund
  4568 | D:5      | Noticed Blork the orc
  4571 | D:5      | Killed Sigmund
  4580 | D:5      | Killed Blork the orc
  4581 | D:5      | Reached skill level 2 in Ice Magic
  4813 | D:6      | Gained mutation: You are hated by all. [Ru sacrifice]
  4813 | D:6      | Reached * piety under Ru
  4813 | D:6      | Reached ** piety under Ru
  4821 | D:6      | Reached skill level 6 in Spellcasting
  4890 | D:6      | Reached skill level 6 in Unarmed Combat
  5076 | D:6      | Reached skill level 8 in Transmutations
  5210 | D:6      | Reached XP level 9. HP: 53/64 MP: 18/18
  5397 | D:6      | Found Ceshreg's Magic Scroll Emporium.
  5459 | D:6      | Reached skill level 3 in Ice Magic
  5500 | D:6      | Identified the +10 long sword of Intimidation {venom,
                  | Str+4}
  5761 | D:7      | Found a stormy altar of Qazlal.
  6498 | D:8      | Reached skill level 7 in Spellcasting
  6498 | D:8      | Reached skill level 9 in Transmutations
  6530 | D:8      | Reached skill level 4 in Ice Magic
  6539 | D:8      | Reached skill level 7 in Unarmed Combat
  6660 | D:8      | Noticed Psyche
  6681 | D:8      | Killed Psyche
  7116 | D:7      | Reached XP level 10. HP: 57/71 MP: 21/21
  7332 | D:8      | Found an ornate altar of the Wu Jian Council.
  8165 | D:9      | Reached skill level 10 in Transmutations
  8172 | D:9      | Reached skill level 5 in Ice Magic
  8413 | D:9      | You pick up a book of Spatial Translocations and begin
                  | reading...
  8440 | D:9      | Reached skill level 8 in Spellcasting
  8640 | D:9      | You pick up a book of Beasts and begin reading...
  8653 | D:9      | Noticed a two-headed ogre
  8665 | D:9      | HP: 20/85 [gnoll/+0 club[a gnoll sergeant] (4)]
  8671 | D:9      | Killed a two-headed ogre
  8672 | D:9      | Reached skill level 8 in Unarmed Combat
  8908 | D:9      | Found a staircase to the Orcish Mines.
  9157 | D:9      | Gained mutation: You cannot be stealthy. [Ru sacrifice]
  9171 | D:10     | Entered Level 10 of the Dungeon
  9201 | D:10     | Reached skill level 11 in Transmutations
  9201 | D:10     | Reached skill level 6 in Ice Magic
  9395 | D:10     | Found the Hermit's Pendant {Faith Invo=14 Evo=0 MP+5}
  9444 | D:10     | HP: 21/85 [poisoned by a killer bee]
  9689 | D:10     | Reached XP level 11. HP: 49/77 MP: 23/23
  9812 | D:10     | You add the spells Sting, Poisonous Vapours and Olgreb's
                  | Toxic Radiance to your library.
  9975 | D:10     | Reached skill level 9 in Spellcasting
 10238 | D:10     | Noticed a two-headed ogre
 10247 | D:10     | Killed a two-headed ogre
 10406 | D:10     | You pick up a book of Party Tricks and begin reading...
 10406 | D:10     | You add the spells Apportation and Alistair's Intoxication
                  | to your library.
 10462 | D:10     | Identified a scroll of acquirement
 10462 | D:10     | Acquired 976 gold pieces
 10816 | D:11     | Noticed an ogre mage
 10818 | D:11     | Noticed a centaur warrior
 10822 | D:11     | Noticed an ogre mage
 10828 | D:11     | Noticed an eight-headed hydra
 10837 | D:11     | Killed a centaur warrior
 10840 | D:11     | Killed an ogre mage
 10841 | D:11     | Reached skill level 12 in Transmutations
 10841 | D:11     | HP: 18/92 [eight-headed hydra (7)]
 10842 | D:11     | HP: 3/92 [eight-headed hydra (10)]
 10842 | D:11     | Slain by an eight-headed hydra

Vanquished Creatures
  A centaur warrior (D:11)
  An ogre mage (D:11)
  2 two-headed ogres
  A gargoyle (D:11)
  Psyche (D:8)
  A komodo dragon (D:10)
  4 trolls
  Grinder (D:3)
  A hornet (D:10)
  Sigmund (D:5)
  A shadow (D:10)
  A wraith (D:11)
  15 yaks
  2 vampire mosquitoes (D:10)
  Edmund (D:5)
  A water moccasin (D:6)
  Pargi (Sewer)
  A sky beast (D:7)
  3 orc warriors
  3 ice beasts
  A black bear (D:3)
  A centaur (D:8)
  An ogre (D:6)
  2 phantoms (D:4)
  Blork the orc (D:5)
  2 elf zombies (Ossuary)
  3 kobold brigands
  3 bullfrogs
  2 gnoll sergeants
  3 wights (D:9)
  8 killer bees
  4 howler monkeys
  A centaur zombie (Ossuary)
  3 jellies
  4 orc priests
  A gnoll bouda (D:6)
  2 human zombies (Ossuary)
  3 hounds
  Ijyb (D:3)
  Terence (D:2)
  5 iguanas
  5 orc wizards
  4 mummies
  3 hound zombies (Ossuary)
  12 gnolls
  4 adders
  2 shadow imps
  2 white imps (D:6)
  An ufetubus (D:6)
  2 adder zombies (Ossuary)
  2 worms
  20 orcs
  7 ball pythons
  6 bats
  7 endoplasms
  2 giant cockroaches (Sewer)
  A gnoll zombie (Ossuary)
  6 hobgoblins
  4 jackals (D:1)
  6 quokkas
  4 frilled lizards
  9 goblins
  A goblin zombie (Ossuary)
  4 hobgoblin zombies (Ossuary)
  4 jackal zombies
  18 kobolds
  5 kobold zombies
  An orc zombie (D:4)
  2 quokka zombies (Ossuary)
  5 rats
  8 rat zombies (Ossuary)
  A spectral goblin (D:3)
253 creatures vanquished.

Vanquished Creatures (others)
  An orc wizard (D:8)
  An orc (D:8)
2 creatures vanquished.

Grand Total: 255 creatures vanquished

Table legend:
 A = Non-vault XP
 B = Vault XP
 C = Vault XP percentage of total XP
 D = Non-vault monster count
 E = Vault monster count
 F = Vault count percentage of total count
                 A         B        C        D         E       F
            +---------+---------+-------+---------+---------+-------
      Total |   11863 |    3829 |  24.4 |     188 |      66 |  26.0
            +---------+---------+-------+---------+---------+-------
        D:1 |      30 |       8 |  21.1 |      19 |       4 |  17.4
        D:2 |      29 |      36 |  55.4 |       9 |       1 |  10.0
        D:3 |     146 |     329 |  69.3 |      11 |       7 |  38.9
        D:4 |     363 |      21 |   5.5 |      22 |       6 |  21.4
        D:5 |     111 |     483 |  81.3 |       5 |       3 |  37.5
        D:6 |     776 |       0 |   0.0 |      18 |       0 |   0.0
        D:7 |    1090 |       0 |   0.0 |      17 |       0 |   0.0
        D:8 |    1550 |     322 |  17.2 |      27 |       1 |   3.6
        D:9 |    3323 |       0 |   0.0 |      33 |       0 |   0.0
       D:10 |    3780 |       0 |   0.0 |      25 |       0 |   0.0
       D:11 |     665 |    2014 |  75.2 |       2 |       4 |  66.7
      Sewer |       0 |     145 | 100.0 |       0 |       6 | 100.0
    Ossuary |       0 |     471 | 100.0 |       0 |      34 | 100.0
            +---------+---------+-------+---------+---------+-------

Illustrated notes

Table legend:
 A = Kills in this place as a percentage of kills in entire the game.
 B = Kills by you in this place as a percentage of kills by you in the entire game.
 C = Kills by friends in this place as a percentage of kills by friends in the entire game.
 D = Other kills in this place as a percentage of other kills in the entire game.
 E = Experience gained in this place as a percentage of experience gained in the entire game.
 F = Experience gained in this place divided by the number of levels of this place that you have seen.
                   A       B       C       D       E      F
               +-------+-------+-------+-------+-------+----------------------
         Total | 100.0 | 100.0 |   N/A | 100.0 | 100.0 | 1120.9
       Dungeon |  84.3 |  84.2 |   N/A | 100.0 |  96.1 | 1370.5
         Sewer |   2.4 |   2.4 |   N/A |   0.0 |   0.9 | 145.0
       Ossuary |  13.4 |  13.4 |   N/A |   0.0 |   3.0 | 471.0
               +-------+-------+-------+-------+-------+----------------------

Table legend: (Time is in decaauts)
 A = Elapsed time spent in this place.
 B = Non-inter-level travel time spent in this place.
 C = Inter-level travel time spent in this place.
 D = Time resting spent in this place.
 E = Time spent auto-exploring this place.
 F = Levels seen in this place.
 G = Mean time per level.
                   A        B        C        D        E       F      G
               +--------+--------+--------+--------+--------+-----+--------+
         Total |  10903 |  10620 |    283 |    661 |   8055 |  14 |  778.8 |
       Dungeon |  10224 |   9941 |    283 |    661 |   7650 |  11 |  929.5 |
        Temple |     42 |     42 |      0 |      0 |      6 |   1 |   42.0 |
         Sewer |    166 |    166 |      0 |      0 |    123 |   1 |  166.0 |
       Ossuary |    469 |    469 |      0 |      0 |    276 |   1 |  469.0 |
               +--------+--------+--------+--------+--------+-----+--------+

Top non-repeatable levels by time:
     D:8: 1433 daAuts
    D:10: 1326 daAuts
     D:9: 1228 daAuts
     D:3: 1144 daAuts
     D:7: 1110 daAuts
     D:4: 922 daAuts
     D:2: 802 daAuts
     D:5: 763 daAuts
     D:6: 724 daAuts
     D:1: 580 daAuts
 Ossuary: 469 daAuts
    D:11: 188 daAuts
   Sewer: 166 daAuts
  Temple: 42 daAuts
